 Dungeon Crawl Stone Soup version 0.20-a0-613-g92415a4 (webtiles) character file.

550 simplebreeze the Covered (level 7, -5/57 HPs)
             Began as a Minotaur Wanderer on Feb 8, 2017.
             Slain by a hornet (9 damage)
             ... on level 5 of the Dungeon.
             The game lasted 00:07:08 (1042 turns).

simplebreeze the Covered (Minotaur Wanderer)        Turns: 1042, Time: 00:07:09

Health: -5/57      AC:  9    Str: 18    XL:     7   Next: 7%
Magic:  6/6        EV: 10    Int:  8    God:
Gold:   34         SH:  0    Dex: 11    Spells: 6/6 levels left

rFire    . . .     SeeInvis .   g - +2 flail (holy)
rCold    . . .     Gourm    .   a - +2 scale mail
rNeg     . . .     Faith    .   (no shield)
rPois    .         Spirit   .   (helmet restricted)
rElec    .         Reflect  .   (no cloak)
rCorr    .         Harm     .   (no gloves)
MR       .....                  (no boots)
Stlth    ..........             (no amulet)
Regen    0.2/turn               (no ring)
                                (no ring)

@: lethally poisoned (-5 -> -11), slowed, very slow
A: retaliatory headbutt, horns 2
a: no special abilities


You were on level 5 of the Dungeon.
You were hungry.

You visited 1 branch of the dungeon, and saw 5 of its levels.

You collected 34 gold pieces.

Inventory:

Hand Weapons
 b - a +0 mace
 c - a +2 short sword of venom
 g - a +2 flail of holy wrath (weapon)
 i - a +0 flail of protection
Armour
 a - a +2 scale mail (worn)
Wands
 h - a wand of enslavement (6/24)
Scrolls
 e - a scroll of immolation {unknown}
Comestibles
 d - a bread ration
 f - 2 royal jellies


   Skills:
 + Level 3.2 Fighting
 + Level 4.7 Maces & Flails
   Level 4.3 Bows
 + Level 6.8 Armour
 + Level 2.7 Dodging
 + Level 1.3 Stealth
   Level 1.2 Shields


You had 6 spell levels left.
You didn't know any spells.

Dungeon Overview and Level Annotations

Branches:
Dungeon (5/15)
 Temple: D:4-7

Altars:


Innate Abilities, Weirdness & Mutations

You reflexively headbutt those who attack you in melee.
You have a pair of horns on your head.


Message History

You feel yourself speed up.
The hornet stings you but does no damage. x2
The hornet barely misses you.
You hit the hornet.
The hornet is moderately wounded.
The hornet stings you but does no damage. x2
You sock the hornet!
You headbutt the hornet, but do no damage.
The hornet is heavily wounded.
The hornet stings you.
You are poisoned.
You feel yourself slow down. The hornet stings you.
You feel as though you will be slow longer.
You sock the hornet! Your headbutt misses the hornet.
The hornet is severely wounded.
You feel sick. The hornet stings you!
* * * LOW HITPOINT WARNING * * *
You feel as though you will be slow longer.
The hornet stings you!
You die...

#...#.#........
#...#..........
#...#.#.#######
#...#.#.#
#...#.#.#
#...#.#.#
#...#.#.#
#...#.# #####
#...#.# #@..#
#.....# #y#.#
#..####.# #.#.#
#.......# #.#.#
####.######
#.#.# .......#
#.#.# ####.#.#
#.#.# # #.#.#
#.#.# ####.#.#
#.#.#


You could see a hornet.

Vanquished Creatures
  The ghost of Iamsock the Poker, an amateur DsGl of Kikubaaqudgha (D:4)
  Duvessa (D:5)
  2 centaurs (D:5)
  Dowan (D:5)
  A centaur zombie (D:5)
  A jelly (D:5)
  A worker ant zombie (D:5)
  2 worms
  3 dart slugs (D:1)
  A leopard gecko (D:5)
  An orc (D:5)
  A ball python (D:1)
  2 giant cockroaches
  2 hobgoblins (D:1)
  4 jackals (D:5)
  A quokka (D:3)
  3 bats
  A frilled lizard (D:1)
  2 goblins
  A kobold (D:3)
  A rat (D:1)
33 creatures vanquished.

Notes
Turn   | Place    | Note
-------+----------+-------------------------------------------
     0 | D:1      | simplebreeze the Minotaur Wanderer began the quest for the Orb.
     0 | D:1      | simplebreeze set off with: a +2 scale mail, a +0 mace, a potion of curing, a bread ration
     0 | D:1      | Reached XP level 1. HP: 16/16 MP: 0/0
    79 | D:1      | Reached skill level 4 in Armour
    86 | D:1      | Reached XP level 2. HP: 19/23 MP: 1/1
   287 | D:4      | Noticed Iamsock's ghost (amateur DsGl)
   297 | D:4      | Killed Iamsock's ghost
   297 | D:4      | Reached skill level 5 in Armour
   297 | D:4      | Reached skill level 1 in Dodging
   297 | D:4      | Reached XP level 3. HP: 10/29 MP: 2/2
   297 | D:4      | Reached XP level 4. HP: 12/36 MP: 3/3
   297 | D:4      | Reached XP level 5. HP: 14/41 MP: 4/4
   370 | D:5      | Entered Level 5 of the Dungeon
   409 | D:5      | Noticed a centaur
   416 | D:5      | HP: 2/41 [centaur (7)]
   417 | D:5      | Killed a centaur
   417 | D:5      | Reached skill level 6 in Armour
   655 | D:5      | Reached XP level 6. HP: 36/48 MP: 5/5
   673 | D:5      | Noticed Duvessa
   674 | D:5      | Noticed Dowan
   699 | D:5      | Killed Duvessa
   714 | D:5      | Killed Dowan
  1012 | D:5      | Reached XP level 7. HP: 38/57 MP: 6/6
  1036 | D:5      | Noticed a hornet
  1042 | D:5      | Slain by a hornet

Vault maps used:
D:1:      scummos_arrival_forest
D:2:      okawaru_trees_1, minmay_misc_feat_cross, elyvilon_altar_3
D:3:      lemuel_round_altar, nemelex_dance_club_becter
D:5:      first_bread, minmay_misc_feat_square, uniq_duvessa

Skill      XL: |  1  2  3  4  5  6 |
---------------+-------------------+-----
Armour         | 4 5 6 |  6.8
Maces & Flails | 2 3 4 |  4.7
Dodging        | 1 2 |  2.7
Fighting       | 2 3 |  3.2
Bows           | |  4.3
Stealth        | |  1.3
Shields        | |  1.2

Action                   |  1- 3 |  4- 6 |  7- 9 || total
-------------------------+-------+-------+-------++-------
Melee: Mace              |    39 |       |       ||    39
       Headbutt          |     7 |     9 |     2 ||    18
       Flail             |    10 |    48 |     6 ||    64
  Use: Potion            |     1 |     4 |       ||     5
Armor: Scale mail        |    50 |    28 |     5 ||    83
Dodge: Dodged            |    38 |    25 |     2 ||    65
